 Dungeon Crawl Stone Soup version 0.25-a0-667-gb977e01cb5 (webtiles) character file.

Game seed: 11496542966278173562, levelgen mode: deterministic

53 MisterFreud the Skirmisher (level 3, -2/27 HPs)
             Began as an Octopode Gladiator on Mar 27, 2020.
             Killed from afar by an orc wizard (7 damage)
             ... with a puff of flame
             ... on level 2 of the Dungeon.
             The game lasted 00:01:38 (932 turns).

MisterFreud the Skirmisher (Octopode Gladiator)      Turns: 932, Time: 00:01:39

Health: -2/27      AC:  1    Str: 13    XL:     3   Next: 87%
Magic:  3/3        EV: 14    Int: 11    God:
Gold:   97         SH:  0    Dex: 13    Spells: 2/2 levels left

rFire    . . .     SeeInvis .   a - +0 long sword
rCold    . . .     Gourm    .   (no shield)
rNeg     . . .     Faith    .   b - +0 hat
rPois    +         Spirit   .   (no amulet)
rElec    .         Reflect  .   g - ring of poison resistance
rCorr    .         Harm     .   (no ring)
MR       .....                  (no ring)
Stlth    ++........             (no ring)
HPRegen  0.09/turn              (no ring)
MPRegen  0.08/turn              (no ring)
                                (no ring)
                                (no ring)

@: no status effects
A: almost no armour, stealthy swim, amphibious, 8 rings, constrict 8, camouflage
1, gelatinous body 1
a: no special abilities


You were on level 2 of the Dungeon.
You were not hungry.

You visited 1 branch of the dungeon, and saw 2 of its levels.

You collected 97 gold pieces.

Inventory:

Hand Weapons
 a - a +0 long sword (weapon)
Missiles
 c - 4 throwing nets (quivered)
 h - 77 stones
 o - 15 arrows
 p - 3 curare-tipped darts
Armour
 b - a +0 hat (worn)
Jewellery
 g - a ring of poison resistance (left tentacle)
 m - a cursed ring of teleportation {unknown}
Scrolls
 e - a scroll of fear {unknown}
 i - 3 scrolls of immolation {unknown}
 l - a scroll of identify {unknown}
 q - 2 scrolls of remove curse {unknown}
Potions
 j - a potion of curing {unknown}
 k - a potion of flight {unknown}
 n - 2 potions of degeneration {unknown}
Comestibles
 d - 2 rations
 f - 7 chunks of flesh


   Skills:
 - Level 4.0 Fighting
 + Level 3.0 Long Blades
 - Level 2.0 Throwing
 - Level 3.0 Dodging


You had 2 spell levels left.
You didn't know any spells.
Your spell library was empty.

Dungeon Overview and Level Annotations

Branches:
Dungeon (2/15)

Altars:


Innate Abilities, Weirdness & Mutations

You cannot wear most types of armour.
You are very stealthy in the water. (Stealth+)
You are amphibious.
You can wear up to eight rings at the same time.
You can use your tentacles to constrict eight enemies at once.
Your skin changes colour to match your surroundings (Stealth+).
Your rubbery body absorbs attacks. (AC +1, EV +1)


Message History

You barely miss the worm. You grab the worm. You constrict the worm.
The orc hits you.
You are too injured to fight recklessly!
Unknown command.
You release your grip on the worm.
The orc hits you.
You slash the orc!
You kill the orc!
You closely miss the orc. You grab the orc.
You constrict the orc, but do no damage.
The orc misses you.
You barely miss the orc. You constrict the orc. The orc completely misses you.
The orc barely misses you.
You release your grip on the orc.
A magic dart appears from out of thin air!
The magic dart hits you!
* * * LOW HITPOINT WARNING * * *
Some of the chunks of flesh in your inventory have rotted away.
A puff of flame appears from out of thin air!
The puff of flame hits you!
You die...

#.#.#####.#
#{##....#
........###.##.##.#
#...÷.##.##.##.###
#.....##..o....#..
#..#....###.###....
#.....#.# #.# ....
#.....#.# #.# <#
#######.# #.# .#
#.###@###.#
#...)...÷.#
#######.### ### #.#
...#.#
#####.#.#######
...............
#####.#........
#.#...####.


You could see an orc.

Vanquished Creatures
  An adder (D:2)
  3 dart slugs (D:1)
  3 leopard geckos
  An orc (D:2)
  3 giant cockroaches (D:1)
  2 goblins
  4 hobgoblins (D:1)
  2 jackals (D:2)
  4 kobolds
  3 bats
  A frilled lizard (D:1)
  5 rats (D:1)
32 creatures vanquished.

Notes
Turn   | Place    | Note
-------+----------+-------------------------------------------
     0 | D:1      | MisterFreud the Octopode Gladiator began the quest for the
                  | Orb.
     0 | D:1      | Reached XP level 1. HP: 14/14 MP: 1/1
   112 | D:1      | Reached XP level 2. HP: 10/20 MP: 2/2
   383 | D:1      | Reached skill level 3 in Fighting
   563 | D:1      | Reached XP level 3. HP: 20/26 MP: 3/3
   889 | D:2      | Reached skill level 4 in Fighting
   932 | D:2      | Killed from afar by an orc wizard

Levels and vault maps discovered:
D:1:      minmay_arrival_shattered_statue, layout_loops_ring,
          minmay_pentomino_s4
D:2:      layout_loops_cross, grunt_ministairs_15, uniq_crazy_yiuf_cottage,
          uniq_sigmund

Skill      XL: |  1  2  3 |
---------------+----------+-----
Fighting       | 3 4 |  4.0
Long Blades    | |  3.0
Throwing       | |  2.0
Dodging        | |  3.0

Action                   || total
-------------------------++-------
Melee: Long sword        ||    55
       Constrict         ||    22
       Tentacles         ||    11
 Stab: Distracted        ||     1
       Sleeping          ||     3
Armor: Skin              ||     1
Dodge: Dodged            ||    43
       Rpst.: Long sword ||    15

Table legend:
 A = Non-vault XP
 B = Vault XP
 C = Vault XP percentage of total XP
 D = Non-vault monster count
 E = Vault monster count
 F = Vault count percentage of total count
                 A         B        C        D         E       F
            +---------+---------+-------+---------+---------+-------
      Total |      65 |      11 |  14.5 |      28 |       4 |  12.5
            +---------+---------+-------+---------+---------+-------
        D:1 |      39 |       8 |  17.0 |      21 |       3 |  12.5
        D:2 |      26 |       3 |  10.3 |       7 |       1 |  12.5
            +---------+---------+-------+---------+---------+-------
